 Dungeon Crawl Stone Soup version 0.22-a0-414-gacd343e8ff (webtiles) character file.

240 Findor the Shooter (level 5, -5/45 HPs)
             Began as a Centaur Hunter on May 13, 2018.
             Was an Initiate of Okawaru.
             Slain by an ogre
             ... wielding a +0 giant spiked club
              (33 damage)
             ... on level 4 of the Dungeon.
             The game lasted 00:05:45 (3016 turns).

Findor the Shooter (Centaur Hunter)                 Turns: 3016, Time: 00:05:45

Health: -5/45      AC:  4    Str: 15    XL:     5   Next: 80%
Magic:  5/5        EV: 10    Int: 10    God:    Okawaru [......]
Gold:   165        SH:  0    Dex: 10    Spells: 4/4 levels left

rFire    . . .     SeeInvis .   a - +1 shortbow
rCold    . . .     Gourm    +   (shield currently unavailable)
rNeg     . . .     Faith    .   c - +0 leather armour
rPois    .         Spirit   .   (no helmet)
rElec    .         Reflect  .   (no cloak)
rCorr    .         Harm     .   (no gloves)
MR       .....                  (no barding)
Stlth    +.........             r - amulet of the gourmand
HPRegen  0.15/turn              (no ring)
MPRegen  0.09/turn              (no ring)

@: very quick
A: large, hooves 3, deformed body, speed 2, tough skin 3
a: Renounce Religion


You were on level 4 of the Dungeon.
You worshipped Okawaru.
Okawaru was noncommittal.
You were not hungry.

You visited 1 branch of the dungeon, and saw 4 of its levels.

You collected 165 gold pieces.


Innate Abilities, Weirdness & Mutations

You have hooves in place of feet.
Armour fits poorly on your strangely shaped body.
You cover ground very quickly.
You have extremely tough skin. (AC +3)


   Skills:
 + Level 3.1 Fighting
 * Level 7.3 Bows
 + Level 1.6 Armour
 + Level 2.3 Dodging
 - Level 0.4 Stealth


You had 4 spell levels left.
You didn't know any spells.
Your spell library was empty.

Inventory:

Hand Weapons
 a - a +1 shortbow (weapon)
 b - a +0 short sword
 l - a cursed -2 dagger
   (You found it on level 1 of the Dungeon)
Missiles
 d - 35 arrows (quivered)
Armour
 c - a +0 leather armour (worn)
Jewellery
 r - an amulet of the gourmand (around neck)
   (You found it on level 3 of the Dungeon)
Scrolls
 e - a scroll of teleportation {unknown}
 h - 3 scrolls of remove curse {unknown}
 i - 3 scrolls of identify {unknown}
 m - a scroll of enchant weapon {unknown}
 n - a scroll of noise {unknown}
 o - 3 scrolls of enchant armour {unknown}
Potions
 j - 2 potions of flight {unknown}
 k - 4 potions of curing {unknown}
 p - 2 potions of heal wounds {unknown}
 q - a potion of brilliance {unknown}
Comestibles
 f - 7 rations


Message History

Aim: a hound (heavily wounded)
You shoot an arrow. The arrow barely misses the hound.
The hound barely misses you. The hound bites you.
Firing (i - inventory)
d - 34 arrows (quivered)
Press: ? - help, Shift-Dir - straight line, f/p - hound
Aim: a hound (heavily wounded)
You shoot an arrow. The arrow closely misses the hound.
The arrow hits the leopard gecko!
You kill the leopard gecko!
Okawaru accepts your kill. The hound bites you.
Firing (i - inventory)
d - 33 arrows (quivered)
Press: ? - help, Shift-Dir - straight line, f/p - hound
Aim: a hound (heavily wounded)
You shoot an arrow. The arrow hits the hound!
You kill the hound!
Okawaru accepts your kill.
No target in view!
No target in view!
d - 34 arrows (gained 2)
You butcher the hound corpse.
g - 3 chunks of flesh Eating one of 3 chunks of flesh.
You eat one of the 3 chunks of flesh.
This raw flesh tastes very good.
Eating one of 2 chunks of flesh.
You eat one of the 2 chunks of flesh.
This raw flesh tastes very good.
Eating a chunk of flesh.
You eat the chunk of flesh.
This raw flesh tastes very good.
d - 35 arrows (gained 1)
d - 36 arrows (gained 1) Done exploring.
Done exploring.
You open the large door.
There is a large open door here.
There is a large open door here.
There is a stone staircase leading down here.
You start resting.
You climb downwards.
An ogre comes into view. It is wielding a giant spiked club.
The ogre shouts!
You hear a croak.
A bullfrog comes into view.
There is a stone staircase leading up here.
Firing (i - inventory)
d - 36 arrows (quivered)
Press: ? - help, Shift-Dir - straight line, f - ogre
Aim: an ogre, wielding a giant spiked club You shoot an arrow.
The arrow hits the ogre!
The ogre hits you with a giant spiked club!
The ogre hits you with a giant spiked club!!
Ouch! That really hurt!
You die...

..... .. ...#.
... ......
##...# ....
.....##
....##....
......##
####.........
.......#
##............
.......#
##.............
.......#
#......@O......
.......#
#..............
w..<...#
#.........F....
.......#
#..............
......##
#..............
......#
#..............
#####.#
##.............
#%#
#####..#.....#
#.#


You could see an ogre and a bullfrog.

Vanquished Creatures
  A hound (D:3)
  An orc wizard (D:3)
  A worker ant (D:3)
  5 adders
  2 oozes
  3 worms
  A dart slug (D:1)
  4 leopard geckos
  4 orcs (D:3)
  2 giant cockroaches (D:1)
  7 goblins
  14 hobgoblins
  7 jackals
  7 kobolds
  3 quokkas
  A ball python (D:3)
  8 bats
  5 frilled lizards
  7 rats
83 creatures vanquished.

Notes
Turn   | Place    | Note
-------+----------+-------------------------------------------
     0 | D:1      | Findor the Centaur Hunter began the quest for the Orb.
     0 | D:1      | Reached XP level 1. HP: 17/17 MP: 1/1
   451 | D:1      | Reached XP level 2. HP: 21/24 MP: 2/2
   770 | D:1      | Reached XP level 3. HP: 30/30 MP: 3/3
   859 | D:1      | Reached skill level 6 in Bows
  1379 | D:2      | Reached skill level 1 in Armour
  1444 | D:2      | Reached XP level 4. HP: 37/37 MP: 4/4
  1592 | D:2      | Found an iron altar of Okawaru.
  1613 | D:2      | Became a worshipper of Warmaster Okawaru
  1642 | D:2      | Found a faded altar of an unknown god.
  2120 | D:3      | Reached XP level 5. HP: 36/44 MP: 5/5
  2401 | D:3      | Reached skill level 3 in Fighting
  2416 | D:3      | Reached skill level 7 in Bows
  2617 | D:3      | Found a bloodstained altar of Trog.
  2626 | D:3      | Found an ancient bone altar of Kikubaaqudgha.
  3014 | D:4      | Noticed an ogre
  3016 | D:4      | Slain by an ogre

Vault maps used:
D:1:      dpeg_arrival_long_road, minmay_close_crescents
D:2:      lemuel_coloured_pillars_altar, chequers_ecumenical_altar_simple_redux
D:3:      amethyst_overflow_temple_binary
D:4:      serial_shops, nicolae_shop_crystal, first_ration, corner_web_ring,
          kennysheep_generic_room_9, uniq_natasha

Action                   |  1- 3 |  4- 6 || total
-------------------------+-------+-------++-------
Melee: Short sword       |    63 |       ||    63
       Kick              |     7 |       ||     7
 Fire: Shortbow          |    63 |   151 ||   214
  Eat: Chunk             |     1 |     8 ||     9
Armor: Leather armour    |    48 |    10 ||    58
Dodge: Dodged            |    55 |    26 ||    81
